 Dungeon Crawl Stone Soup version 0.29.1-2-gbd0b4ee654 (webtiles) character file.

Game seed: 16690707344805639737

488 GeoRichter the Slasher (level 7, -12/34 HPs)
             Began as a Vine Stalker Gladiator on Oct 25, 2022.
             Was a Follower of Okawaru.
             Mangled by an ogre
             ... wielding a +0 giant spiked club
              (17 damage)
             ... on level 4 of the Dungeon.
             The game lasted 00:07:14 (3666 turns).

GeoRichter the Slasher (Vine Stalker Gladiator)     Turns: 3666, Time: 00:07:15

Health: -12/34     AC:  4    Str: 16    XL:     7   Next: 13%
Magic:  0/8        EV: 10    Int: 10    God:    Okawaru [*.....]
Gold:   118        SH:  7    Dex: 16    Spells: 0/6 levels left

rFire   . . .      SeeInvis .   v - +1 long sword (elec)
rCold   . . .      Faith    .   u - +0 kite shield
rNeg    . . .      Spirit   +   b - +0 leather armour
rPois   .          Reflect  .   c - +0 helmet
rElec   .          Harm     .   (no cloak)
rCorr   .          Rampage  .   (no gloves)
Will    .....                   (no boots)
Stlth   +.........              (no amulet)
HPRegen 0.91/turn               (no ring)
MPRegen 0.11/turn               (no ring)

@: no status effects
A: fangs 2, regeneration 1, magic shield, antimagic bite, no potion heal 2
a: Renounce Religion, Heroism


You were on level 4 of the Dungeon.
You worshipped Okawaru.
Okawaru was aware of your devotion.
You visited 1 branch of the dungeon, and saw 4 of its levels.

You collected 118 gold pieces.

Inventory:

Hand Weapons
 p - a +2 short sword of venom
   (You took it off a kobold on level 2 of the Dungeon)
 v - a +1 long sword of electrocution (weapon)
   (You found it on level 3 of the Dungeon)
Missiles
 d - 2 throwing nets {!f}
 e - 40 stones (quivered)
 j - a javelin
 r - 5 silver javelins
Armour
 b - a +0 leather armour (worn)
 c - a +0 helmet (worn)
 u - a +0 kite shield (worn)
   (You found it on level 3 of the Dungeon)
Magical Staves
 A - a staff of poison
   (You found it on level 4 of the Dungeon)
Jewellery
 k - a ring of resist corrosion
   (You found it on level 1 of the Dungeon)
Wands
 y - a wand of flame (15)
   (You found it on level 4 of the Dungeon)
Scrolls
 f - 6 scrolls of identify {unknown}
 h - a scroll of silence {unknown}
 m - 2 scrolls of vulnerability {unknown}
 n - 3 scrolls of teleportation {unknown}
 t - a scroll of fog {unknown}
 w - 2 scrolls of blinking {unknown}
 B - a scroll of immolation {unknown}
Potions
 a - 3 potions of ambrosia {unknown}
 g - 5 potions of curing {unknown}
 i - 4 potions of haste {unknown}
 l - a potion of might {unknown}
 o - 2 potions of cancellation {unknown}
 q - 2 potions of resistance {unknown}
 s - 3 potions of flight {unknown}
 x - a potion of degeneration {unknown}
 z - a potion of heal wounds {unknown}


   Skills:
 - Level 1.9 Fighting
 - Level 4.5(5.7) Short Blades
 - Level 5.2(6.1) Long Blades
 - Level 1.7 Throwing
 - Level 2.4 Dodging
 * Level 0.0 Spellcasting
 + Level 0.0 Conjurations
 * Level 0.0 Poison Magic


You couldn't memorise any spells.
You knew the following spells:

 Your Spells              Type           Power      Damage    Failure   Level
a - Mephitic Cloud        Conj/Pois/Air  0%         N/A       99%         3
b - Ignite Poison         Fire/Tmut/Pois 0%         N/A       99%         3

Your spell library contained the following spells:

 Spells                   Type           Power      Damage    Failure   Level
 Gell's Gravitas          Tloc           0%         N/A       99%         3
 Lesser Beckoning         Tloc           0%         N/A       99%         3
 Ozocubu's Armour         Ice            0%         N/A       99%         3
 Teleport Other           Tloc           0%         N/A       99%         3
 Freezing Cloud           Conj/Ice/Air   0%         6-21      100%        5
 Ozocubu's Refrigeration  Ice            0%         4d7       100%        7


Dungeon Overview and Level Annotations

Branches:
Dungeon (4/15) Zot: 20276
 Temple: D:4-7

Altars:
Okawaru

Annotations:
D:4 3 runed translucent doors, Condegh's ghost, amateur HOMo; caveywoolpert's ghost, amateur HOFi


Innate Abilities, Weirdness & Mutations

You have extremely sharp teeth.
Your natural rate of healing is unusually fast.
When hurt, damage is shared between your health and your magic reserves.
Your bite disrupts and absorbs the magic of your enemies.
Potions cannot restore your health.


Message History

You kill the hobgoblin!
Okawaru accepts your kill.
No target in view!
You see here a hobgoblin corpse.
Found a scroll labelled NOJEGY VARE and Ozocubu's Autobiography.
Found a stone staircase leading down.
n - 2 scrolls labelled NOJEGY VARE (gained 1)
You pick up Ozocubu's Autobiography and begin reading...
You add the spells Ozocubu's Armour and Ozocubu's Refrigeration to your library.
Okay, then.
Okay, then.
There is a stone staircase leading down here.
Found 17 gold pieces.
You now have 118 gold pieces (gained 17).
You see here a hobgoblin corpse.
There is a stone staircase leading down here.
Things that are here:
a +0 club; a kobold corpse
Found a scroll labelled NOJEGY VARE.
This spell is astonishingly dangerous to cast!
Memorise Mephitic Cloud, consuming 3 spell levels and leaving 3?
You start memorising the spell.
You continue memorising. x3
You finish memorising.
Spell assigned to 'a'.
Okay, then.
This spell is astonishingly dangerous to cast!
Memorise Ignite Poison, consuming 3 spell levels and leaving 0?
You start memorising the spell.
You continue memorising. x3
You finish memorising.
Spell assigned to 'b'.
Search for what [? for help]? poison You see here a staff of poison.
A - a staff of poison
n - 3 scrolls labelled NOJEGY VARE (gained 1)
Found a scroll labelled POAJON TAOCIDY.
B - a scroll labelled POAJON TAOCIDY An ogre comes into view.
It is wielding a +0 giant spiked club.
An ogre is nearby!
Found a stone staircase leading up.
The ogre hits you with a +0 giant spiked club!
You closely miss the ogre. You bite the ogre. You drain its power.
You feel invigorated.
The ogre hits you with a +0 giant spiked club!!
Ouch! That really hurt!
* * * LOW HITPOINT WARNING * * *
You slash the ogre! You bite the ogre, but do no damage.
The ogre closely misses you.
You hit the ogre. You hit the ogre.
The ogre hits you with a +0 giant spiked club!
Ouch! That really hurt!
You die...

..........####.#.###.....#
#..)#####.####..## #.....#
#...)...........# #######
#...###########.# #...#
#.# #...# #.# #...#
#.######## ##.##
#.#....... ##.##########
#.@O....# ##.#........#
###.##..# ...#.######.# .#
###...#####.### .#
......##......# .<
###...##.##.#.## ##
########.##....# ...#
#.##..#.# ##.### #.###...#


You could see an ogre.

Vanquished Creatures
  Sigmund (D:3)
  A phantom (D:4)
  3 hounds (D:4)
  An iguana (D:4)
  4 gnolls (D:4)
  An adder (D:2)
  A shadow imp (D:3)
  2 worms (D:2)
  A dart slug (D:2)
  2 orcs (D:3)
  8 bats
  6 endoplasms
  2 giant cockroaches
  7 hobgoblins
  3 jackals (D:2)
  4 quokkas
  4 ball pythons
  2 frilled lizards (D:1)
  5 goblins
  6 kobolds
  8 rats
72 creatures vanquished.

Notes
Turn   | Place    | Note
-------+----------+-------------------------------------------
     0 | D:1      | GeoRichter the Vine Stalker Gladiator began the quest for
                  | the Orb.
     0 | D:1      | Reached XP level 1. HP: 11/11 MP: 2/2
   169 | D:1      | Reached XP level 2. HP: 15/15 MP: 3/3
   873 | D:1      | Reached XP level 3. HP: 17/18 MP: 4/4
  1842 | D:2      | Gained mutation: Your natural rate of healing is unusually
                  | fast. [Vine Stalker growth]
  1842 | D:2      | Reached XP level 4. HP: 23/23 MP: 5/5
  2130 | D:2      | Found an iron altar of Okawaru.
  2180 | D:2      | Became a worshipper of Warmaster Okawaru
  2389 | D:3      | Noticed Sigmund
  2412 | D:3      | Killed Sigmund
  2413 | D:3      | Reached skill level 3 in Long Blades
  2413 | D:3      | Reached XP level 5. HP: 26/26 MP: 6/6
  2413 | D:3      | Reached XP level 6. HP: 30/30 MP: 7/7
  3035 | D:4      | Reached skill level 4 in Long Blades
  3240 | D:4      | Found a runed translucent gate.
  3240 | D:4      | Found a runed translucent gate.
  3240 | D:4      | Found a runed translucent gate.
  3249 | D:4      | Reached * piety under Okawaru
  3250 | D:4      | Reached skill level 5 in Long Blades
  3250 | D:4      | Reached XP level 7. HP: 28/34 MP: 6/8
  3264 | D:4      | Noticed caveywoolpert's ghost (amateur HOFi)
  3264 | D:4      | Noticed Condegh's ghost (amateur HOMo)
  3581 | D:4      | Learned a level 3 spell: Mephitic Cloud
  3585 | D:4      | Learned a level 3 spell: Ignite Poison
  3663 | D:4      | HP: 1/34 [ogre/+0 giant spiked club (21)]
  3666 | D:4      | Mangled by an ogre

Illustrated notes

Levels and vault maps discovered:
D:1:      lemuel_arrival_cross, layout_rooms, roderic_lattice_a
D:2:      layout_loops_ring, basic_altar
D:3:      wander_river, layout_basic, kennysheep_cross_bottleneck, uniq_sigmund
D:4:      layout_loops_cross, gammafunk_ghost_cemetery

Skill      XL: |  1  2  3  4  5  6 |
---------------+-------------------+-----
Short Blades   | 3 4 |  4.5
Long Blades    | 3 5 |  5.2
Fighting       | |  1.9
Throwing       | |  1.7
Dodging        | |  2.4

Action                   |  1- 3 |  4- 6 |  7- 9 || total
-------------------------+-------+-------+-------++-------
Melee: Rapier            |   109 |       |       ||   109
       Bite              |    25 |    24 |     2 ||    51
       Punch             |     2 |       |       ||     2
       Short sword       |     3 |    36 |       ||    39
       Long sword        |       |    47 |     7 ||    54
Throw: Stone             |    11 |     8 |       ||    19
       Javelin           |     2 |     1 |       ||     3
       Throwing net      |       |     1 |       ||     1
 Stab: Sleeping          |     1 |     1 |       ||     2
Armor: Leather armour    |    33 |    11 |       ||    44
Dodge: Dodged            |    70 |    25 |     2 ||    97
Block: Kite shield       |       |    19 |     1 ||    20
